 Dungeon Crawl Stone Soup version 0.29-a0-330-g52719c12eb (webtiles) character file.

Game seed: 12950504829173955569

129 kae the Firebug (level 4, -2/35 HPs)
             Began as a Demigod Fire Elementalist on May 31, 2022.
             Slain by an orc wizard
             ... wielding a +0 dagger
              (3 damage)
             ... on level 3 of the Dungeon.
             The game lasted 00:01:51 (3389 turns).

kae the Firebug (Demigod Fire Elementalist)         Turns: 3389, Time: 00:01:51

Health: -2/35      AC:  2    Str:  9    XL:     4   Next: 58%
Magic:  1/10       EV: 12    Int: 21    God:
Gold:   99         SH:  0    Dex: 14    Spells: 1/7 levels left

rFire   . . .      SeeInvis .   (no weapon)
rCold   . . .      Faith    .   (no shield)
rNeg    . . .      Spirit   .   a - +0 robe
rPois   .          Reflect  .   (helmet restricted)
rElec   .          Harm     .   (no cloak)
rCorr   .          Rampage  .   e - +0 pair of gloves
Will    +....                   (no boots)
Stlth   ++........              (no amulet)
HPRegen 0.11/turn               (no ring)
MPRegen 0.12/turn               (no ring)

@: mighty, brilliant
A: high MP 1, forlorn, divine attributes, horns 1, deformed body, strong-willed
1
a: no special abilities


You were on level 3 of the Dungeon.
You visited 1 branch of the dungeon, and saw 3 of its levels.

You collected 99 gold pieces.

Inventory:

Armour
 a - a +0 robe (worn)
 e - a +0 pair of gloves (worn)
Potions
 b - a potion of magic
 d - 2 potions of attraction


   Skills:
 + Level 1.2 Fighting
 + Level 2.3 Dodging
 - Level 1.7 Stealth
 + Level 2.3 Spellcasting
 * Level 2.3 Conjurations
 * Level 3.5 Fire Magic


You had one spell level left.
You knew the following spells:

 Your Spells              Type           Power      Damage    Failure   Level
a - Foxfire               Conj/Fire      88%        2x1d8     4%          1
b - Scorch                Fire           50%        2d7       4%          2
c - Conjure Flame         Conj/Fire      22%        6-21      13%         3

Your spell library contained the following spells:

 Spells                   Type           Power      Damage    Failure   Level
 Slow                     Hex            12%        N/A       14%         1
 Inner Flame              Hex/Fire       14%        N/A       21%         3
 Flame Wave               Conj/Fire      22%        2d7       38%         4
 Confusing Touch          Hex            3%         N/A       41%         3
 Gell's Gravitas          Tloc           3%         N/A       41%         3
 Lesser Beckoning         Tloc           3%         N/A       41%         3
 Teleport Other           Tloc           3%         N/A       41%         3
 Vampiric Draining        Necr           3%         2d6       41%         3
 Summon Forest            Summ/Tloc      1%         N/A       99%         5
 Eringya's Noxious Bog    Tmut/Pois      1%         N/A       100%        6
 Summon Hydra             Summ           1%         N/A       100%        7


Dungeon Overview and Level Annotations

Branches:
Dungeon (3/15)


Innate Abilities, Weirdness & Mutations

You have an increased reservoir of magic. (+10% MP)
You shall have no god before yourself.
Your divine heritage dramatically boosts your attributes as you level up.
You have a pair of small horns on your head.
Armour fits poorly on your strangely shaped body.
You are strong-willed. (Will+)


Message History

You hear some strange, mumbled words.
A magic dart appears from out of thin air!
The magic dart hits you.
The orc wizard hits you with a +0 dagger.
It was a potion of might.
You feel very mighty all of a sudden. Something hits you.
The orc wizard hits you with a +0 dagger.
It was a potion of curing.
You feel better. Something hits you.
The orc wizard gestures wildly while chanting.
The orc wizard flickers and vanishes!
Okay, then.
You aren't carrying any scrolls.
It was a potion of mutation.
You feel extremely strange.
Your body twists and deforms.
A pair of horns grows on your head!
You feel strong-willed. Something hits you but does no damage.
Something hits you.
Okay, then.
You closely miss something. Your headbutt misses something.
Something hits you but does no damage. Something hits you.
* * * LOW HITPOINT WARNING * * *
You closely miss something. Your headbutt misses something. Something hits you.
* * * LOW HITPOINT WARNING * * *
Something hits you.
* * * LOW HITPOINT WARNING * * *
An orc comes into view. It is wielding a +0 dagger.
Your magical contamination has completely faded away.
You closely miss something. Something hits you.
* * * LOW HITPOINT WARNING * * *
Something completely misses you.
You miss something. Your headbutt misses something. Something hits you.
* * * LOW HITPOINT WARNING * * *
Something hits you.
* * * LOW HITPOINT WARNING * * *
You punch something!
Reactivating autopickup.
You feel a bit more experienced. Something completely misses you.
Deactivating autopickup; reactivate with Ctrl-A.
You punch something! Your headbutt misses something. Something hits you.
You die...

#.......####.........#
#.................##..
#####......###...###..
#.####.# #.### #..
#.####.###.######.
####
#.##.<..........#. ...
#.##.#.###.####.#.
...###.##)##.#.#
#.####.#.
......).{@.....#
#.##.....
.#.###.#########
#.##.#.#. #. #.##.#.#.
.. #......#. ###
####.###. #.# #. #.#
## #.# #.#


There were no monsters in sight!

Vanquished Creatures
  2 orc wizards (D:3)
  2 adders (D:2)
  3 worms
  3 orcs (D:3)
  3 bats (D:1)
  5 endoplasms
  2 giant cockroaches (D:1)
  5 goblins
  8 hobgoblins
  3 jackals (D:1)
  A quokka (D:2)
  4 ball pythons
  3 frilled lizards
  4 kobolds
  7 rats
55 creatures vanquished.

Vanquished Creatures (collateral kills)
  A foxfire (D:1)
1 creature vanquished.

Vanquished Creatures (others)
  234 foxfires
234 creatures vanquished.

Grand Total: 290 creatures vanquished

Notes
Turn   | Place    | Note
-------+----------+-------------------------------------------
     0 | D:1      | kae the Demigod Fire Elementalist began the quest for the
                  | Orb.
     0 | D:1      | Reached XP level 1. HP: 14/14 MP: 5/5
   131 | D:1      | Reached skill level 1 in Conjurations
   687 | D:1      | Reached XP level 2. HP: 20/20 MP: 4/7
  1346 | D:1      | Reached skill level 3 in Fire Magic
  1764 | D:2      | Reached XP level 3. HP: 27/27 MP: 4/8
  2530 | D:2      | Reached skill level 1 in Fighting
  2770 | D:2      | Learned a level 2 spell: Scorch
  2829 | D:3      | Learned a level 3 spell: Conjure Flame
  3308 | D:3      | Reached XP level 4. HP: 35/35 MP: 8/10
  3383 | D:3      | Gained mutation: Armour fits poorly on your strangely
                  | shaped body. [potion of mutation]
  3383 | D:3      | Gained mutation: You have a pair of small horns on your
                  | head. [potion of mutation]
  3383 | D:3      | Gained mutation: You are strong-willed. (Will+) [potion of
                  | mutation]
  3387 | D:3      | HP: 1/35 [something (3)]
  3389 | D:3      | Slain by an orc wizard

Illustrated notes

Levels and vault maps discovered:
D:1:      dpeg_arrival_short_road, layout_loops_corners, basic_ecumenical_altar,
          kennysheep_nondescript, roderic_three_in_a_row
D:2:      layout_loops_ring
D:3:      layout_loops_cross, serial_park_tiny_1

Skill      XL: |  1  2  3 |
---------------+----------+-----
Conjurations   | 1 2 |  2.3
Spellcasting   | 2 |  2.3
Dodging        | 2 |  2.3
Fire Magic     | 3 |  3.5
Fighting       | 1 |  1.2
Stealth        | |  1.7

Action                   |  1- 3 |  4- 6 || total
-------------------------+-------+-------++-------
Melee: Unarmed           |       |     6 ||     6
 Cast: Foxfire           |   121 |    11 ||   132
       Scorch            |     4 |     1 ||     5
  Use: Scroll            |     7 |       ||     7
       Potion            |       |     4 ||     4
Armor: Robe              |     8 |     5 ||    13
Dodge: Dodged            |    35 |     5 ||    40

Table legend: (Time is in decaauts)
 A = Elapsed time spent in this place.
 B = Non-inter-level travel time spent in this place.
 C = Inter-level travel time spent in this place.
 D = Time resting spent in this place.
 E = Time spent auto-exploring this place.
 F = Levels seen in this place.
 G = Mean time per level.
                   A        B        C        D        E       F      G
               +--------+--------+--------+--------+--------+-----+--------+
         Total |   3389 |   3339 |     50 |    189 |   2684 |   3 | 1129.7 |
       Dungeon |   3389 |   3339 |     50 |    189 |   2684 |   3 | 1129.7 |
               +--------+--------+--------+--------+--------+-----+--------+

Top non-repeatable levels by time:
     D:1: 1667 daAuts
     D:2: 1220 daAuts
     D:3: 502 daAuts
